 Seeded DCSS version 0.29.1-15-g9cfb28693d (webtiles) character file.

Game seed: 8515177902725472229 (custom seed)

1487 NateTC the Cudgeller (level 8, -9/49 HPs)
             Began as a Gargoyle Fighter on Apr 18, 2023.
             Mangled by nalyd1's ghost (20 damage)
             ... on level 6 of the Dungeon on Apr 20, 2023.
             The game lasted 00:05:56 (4401 turns).

NateTC the Cudgeller (Gargoyle Fighter)             Turns: 4401, Time: 00:05:57

Health: -9/49      AC: 20    Str: 21    XL:     8   Next: 80%
Magic:  8/8        EV:  6    Int: 16    God:
Gold:   45         SH:  6    Dex:  9    Spells: 7/7 levels left

rFire   . . .      SeeInvis .   g - +3 eveningstar (flame)
rCold   . . .      Faith    .   c - +1 buckler
rNeg    + . .      Spirit   .   z - +0 plate armour
rPois   ∞          Reflect  .   (no helmet)
rElec   +          Harm     .   y - +0 cloak
rCorr   .          Rampage  .   (no gloves)
Will    +....                   n - +0 pair of boots "Zisit" {Int+6}
Stlth   ..........              f - amulet of regeneration
HPRegen 0.96/turn               o - ring of willpower
MPRegen 0.11/turn               (no ring)

@: no status effects
A: sickness immunity, AC +5, negative energy resistance 1, electricity
resistance, torment resistance 1, petrification resistance
a: no special abilities


You were on level 6 of the Dungeon.
You visited 1 branch of the dungeon, and saw 6 of its levels.

You collected 390 gold pieces.
You spent 345 gold pieces at shops.

Inventory:

Hand Weapons
 g - a +3 eveningstar of flaming (weapon)
Armour
 c - a +1 buckler (worn)
 n - the +0 pair of boots "Zisit" (worn) {Int+6}
   (You acquired it on level 2 of the Dungeon)

   Int:       It affects your intelligence (+6).
 y - a +0 cloak (worn)
 z - a +0 plate armour (worn)
Jewellery
 f - an amulet of regeneration (around neck)
 o - a ring of willpower (left hand)
Wands
 t - a wand of paralysis (2)
Scrolls
 a - 2 scrolls of teleportation
 k - 2 scrolls of blinking
 q - a scroll of enchant armour
 s - 3 scrolls of identify
 u - a scroll of fear
 w - a scroll of summoning {unknown}
 x - a scroll of amnesia
Potions
 d - 2 potions of might
 e - 3 potions of curing
 h - a potion of attraction
 i - a potion of flight
 j - 2 potions of heal wounds
 l - a potion of mutation {unknown}
 m - 2 potions of haste {unknown}
 p - 2 potions of lignification {unknown}
 r - a potion of magic {unknown}
 v - a potion of cancellation {unknown}


   Skills:
 - Level 5.0 Fighting
 * Level 7.8 Maces & Flails
 + Level 6.0 Armour
 + Level 6.1 Shields


You had 7 spell levels left.
You didn't know any spells.
Your spell library contained the following spells:

 Spells                   Type           Power      Damage    Failure   Level
 Beastly Appendage        Tmut           0%         N/A       100%        1
 Slow                     Hex            0%         N/A       100%        1
 Wereblood                Tmut           0%         N/A       100%        2
 Call Canine Familiar     Summ           0%         N/A       100%        3
 Confusing Touch          Hex            0%         N/A       100%        3
 Inner Flame              Hex/Fire       0%         N/A       100%        3
 Portal Projectile        Hex/Tloc       0%         N/A       100%        3
 Spider Form              Tmut/Pois      0%         N/A       100%        3
 Vampiric Draining        Necr           0%         2d6       100%        3
 Cause Fear               Hex            0%         N/A       100%        4
 Leda's Liquefaction      Hex/Erth       0%         N/A       100%        4
 Olgreb's Toxic Radiance  Pois           0%         N/A       100%        4
 Passage of Golubria      Tloc           0%         N/A       100%        4
 Silence                  Hex/Air        0%         N/A       100%        5
 Ozocubu's Refrigeration  Ice            0%         4d7       100%        7
 Discord                  Hex            0%         N/A       100%        8
 Ignition                 Fire           0%         3d3       100%        8
 Lehudib's Crystal Spear  Conj/Erth      0%         10d2      100%        8


Dungeon Overview and Level Annotations

Branches:
Dungeon (6/15)
 Temple: D:4-7

Altars:
Hepliaklqana
Vehumet
Xom

Shops:
D:2 *   D:5 *

Annotations:
D:4 2 transporters, Kes's ghost, novice HuIE
D:6 nalyd1's ghost, novice MiFi


Innate Abilities, Weirdness & Mutations

You are immune to sickness and miasma.
Your stone body is resilient. (AC +5)
You are immune to poison.
You resist negative energy. (rN+)
You are resistant to electric shocks. (rElec)
You are resistant to unholy torment.
You are immune to petrification.


Message History

Key pressed, stopping explore.
No target in view!
Things that are here:
a +0 chain mail; a +0 mace Key pressed, stopping explore.
No target in view!
There is a stone staircase leading up here.
Key pressed, stopping explore.
No target in view!
You see here 5 stones.
Nalyd1's ghost turns its malevolent gaze towards you.
No reachable target in view!
Could not explore, unopened runed door.
No reachable target in view!
Could not explore, unopened runed door.
No reachable target in view!
Saving game... please wait.
Level annotation: 3 runed translucent doors, nalyd1's ghost, novice MiFi Welcome back, NateTC the Gargoyle Fighter.
Game seed: 8515177902725472229 (custom seed) Press ? for a list of commands and other information.
You open the gate.
Nalyd1's ghost says, "My insurmountable tactics guarantee your defeat."
Nalyd1's ghost closely misses you.
There is an open translucent gate here.
You closely miss nalyd1's ghost. Nalyd1's ghost hits you!
Nalyd1's ghost burns you.
You sock nalyd1's ghost! You burn nalyd1's ghost!
Nalyd1's ghost is moderately damaged.
Nalyd1's ghost hits you!!
* * * LOW HITPOINT WARNING * * *
Nalyd1's ghost burns you.
* * * LOW HITPOINT WARNING * * *
You hit nalyd1's ghost but do no damage.
Nalyd1's ghost is moderately damaged.
Nalyd1's ghost hits you but does no damage.
You hit nalyd1's ghost. You burn nalyd1's ghost.
Nalyd1's ghost is moderately damaged.
Nalyd1's ghost hits you!!
You die...

#......(#### #.......##
####.......######........#
#......................
#..............#######.
#..#.####..############
#..#..###...###........
#...........(.#........
#........#.##..........
####''@###........#..##
####(....W.##..##.#.#.##
#..#..$[...#...##...#.###
#..#....(..#.#>####.#.##.
#..#((.....#.#...........
#..#...(.8.#.............
#..#############..#.≈.#..
#........#.#........≈.##.
#..........#........≈.###


You could see nalyd1's ghost.

Vanquished Creatures
  A troll (D:6)
  A steam dragon (D:6)
  A water moccasin (D:5)
  An ice beast (D:6)
  An orc warrior (D:6)
  An ogre (D:6)
  A scorpion (D:6)
  A wight (D:6)
  2 jellies
  4 orc priests
  A gnoll bouda (D:5)
  4 iguanas
  An orc wizard (D:5)
  7 gnolls
  4 adders
  10 river rats (D:6)
  A white imp (D:6)
  2 ufetubi
  3 dart slugs
  22 orcs
  5 ball pythons
  5 bats
  3 endoplasms
  4 giant cockroaches
  7 goblins
  7 hobgoblins
  5 jackals (D:2)
  8 quokkas
  5 frilled lizards
  4 kobolds
  23 rats
145 creatures vanquished.

Vanquished Creatures (others)
  A rat (D:6)
1 creature vanquished.

Grand Total: 146 creatures vanquished

Notes
Turn   | Place    | Note
-------+----------+-------------------------------------------
     0 | D:1      | NateTC the Gargoyle Fighter began the quest for the Orb.
     0 | D:1      | Reached XP level 1. HP: 14/14 MP: 1/1
   231 | D:1      | Reached XP level 2. HP: 19/19 MP: 2/2
   850 | D:1      | Identified a scroll of acquirement
   850 | D:1      | Acquired an amulet of regeneration
   869 | D:2      | Reached XP level 3. HP: 24/24 MP: 3/3
  1149 | D:2      | Reached skill level 3 in Maces & Flails
  1161 | D:2      | Reached XP level 4. HP: 20/30 MP: 4/4
  1211 | D:2      | Found a shimmering altar of Xom.
  1275 | D:2      | Found Vuamm's General Store.
  1534 | D:2      | Acquired a +3 eveningstar of draining
  1535 | D:2      | Acquired a ring of willpower
  1536 | D:2      | Acquired the +0 pair of boots "Zisit" {Int+6}
  1601 | D:3      | Found a faded altar of an unknown god.
  1683 | D:3      | Reached XP level 5. HP: 34/34 MP: 5/5
  1916 | D:3      | Reached skill level 5 in Fighting
  1916 | D:3      | Reached skill level 4 in Maces & Flails
  2370 | D:4      | Found a transporter.
  2370 | D:4      | Noticed Kes's ghost (novice HuIE)
  2430 | D:4      | Found a transporter.
  2443 | D:4      | Reached XP level 6. HP: 38/40 MP: 6/6
  2705 | D:5      | Entered Level 5 of the Dungeon
  2910 | D:5      | Found a radiant altar of Vehumet.
  2965 | D:5      | Reached skill level 5 in Maces & Flails
  3094 | D:5      | Reached XP level 7. HP: 44/44 MP: 7/7
  3134 | D:5      | Found Bylic's Specific Store.
  3138 | D:5      | Found Naef Ace's General Store.
  3449 | D:6      | Noticed a steam dragon
  3454 | D:6      | Killed a steam dragon
  3455 | D:6      | Reached skill level 6 in Maces & Flails
  3469 | D:6      | Reached skill level 5 in Shields
  3482 | D:6      | Reached skill level 5 in Armour
  3505 | D:6      | Reached XP level 8. HP: 47/49 MP: 8/8
  3692 | D:6      | Noticed a troll
  3698 | D:6      | Killed a troll
  3699 | D:6      | Reached skill level 7 in Maces & Flails
  3827 | D:6      | Found a hazy altar of Hepliaklqana.
  3941 | D:5      | Bought a +0 plate armour for 345 gold pieces
  4065 | D:6      | HP: 2/49 [orc warrior/+0 long sword (9)]
  4210 | D:6      | Found a runed translucent gate.
  4210 | D:6      | Found a runed translucent gate.
  4210 | D:6      | Found a runed translucent gate.
  4211 | D:6      | Noticed nalyd1's ghost (novice MiFi)
  4401 | D:6      | Mangled by nalyd1's ghost

Illustrated notes

Levels and vault maps discovered:
D:1:      sevenhm_arrival_forest_fort_large_4, layout_basic,
          nrook_loot_triangle, minmay_lizard_pond
D:2:      layout_loops_ring, basic_altar, serial_shops,
          nicolae_shop_temple_entry_statues_fountains
D:3:      layout_basic, ebering_ecumenical_altar_webs, serial_forest,
          infiniplex_forest_lined_corner, infiniplex_forest_lined_1,
          infiniplex_forest_lined_1, infiniplex_forest_clump_small,
          infiniplex_forest_lined_room_3, infiniplex_forest_straight_1,
          infiniplex_forest_lined_room_2, infiniplex_forest_straight_4
D:4:      layout_cave_pools, gammafunk_ghost_arena
D:5:      layout_loops_ring, mainiacjoe_overflow_catwalk, nicolae_specific_store
D:6:      lemuel_ratsnest, layout_rooms, mainiacjoe_overflow_boulevard,
          ebering_ghost_rock_garden, hangedman_abyss_or_decor_stagger,
          serial_park_tiny_1

Skill      XL: |  1  2  3  4  5  6  7  8 |
---------------+-------------------------+-----
Fighting       | 4 5 |  5.0
Maces & Flails | 3 4 5 6 7 |  7.8
Shields        | 4 5 6 |  6.1
Armour         | 4 5 6 |  6.0

Action                   |  1- 3 |  4- 6 |  7- 9 || total
-------------------------+-------+-------+-------++-------
Melee: Flail             |    73 |    40 |       ||   113
       Eveningstar       |       |   126 |   152 ||   278
  Use: Scroll            |     3 |    14 |     2 ||    19
       Potion            |       |       |     1 ||     1
Armor: Scale mail        |    44 |   107 |    99 ||   250
       Plate armour      |       |       |    32 ||    32
Dodge: Dodged            |    51 |    71 |   101 ||   223
Block: Buckler           |    15 |    38 |    62 ||   115
